 Dungeon Crawl Stone Soup version 0.29-a0-1006-g0dd7720b37 (webtiles) character file.

Game seed: 3636719344830231243

2437 Mesmaeker13 the Insei (level 9, -1/63 HPs)
             Began as an Octopode Transmuter on Aug 6, 2022.
             Slain by an orc warrior
             ... wielding a +0 mace
              (3 damage)
             ... on level 7 of the Dungeon.
             The game lasted 00:17:11 (9393 turns).

Mesmaeker13 the Insei (Octopode Transmuter)         Turns: 9393, Time: 00:17:11

Health: -1/63      AC:  8    Str:  8    XL:     9   Next: 49%
Magic:  12/12      EV: 10    Int: 18    God:
Gold:   400        SH:  0    Dex: 17    Spells: 3/13 levels left

rFire   x . .      SeeInvis .     - Unarmed
rCold   + + +      Faith    .   (shield currently unavailable)
rNeg    . . .      Spirit   .   (helmet currently unavailable)
rPois   +          Reflect  .   j - amulet of magic regeneration
rElec   .          Harm     .   (no ring)
rCorr   .          Rampage  .   (no ring)
Will    +....                   (no ring)
Stlth   ++........              (no ring)
HPRegen 0.20/turn               (no ring)
MPRegen 0.53/turn               (no ring)
                                (no ring)
                                (no ring)

@: ice-form, wereblooded
A: freezing attack, boosted hp, almost no armour, amphibious, 8 rings, large,
(camouflage 1), (gelatinous body 1), (nimble swimmer 1), (tentacles), agile 1,
strong-willed 1, MP-powered wands
a: End Transformation


You were on level 7 of the Dungeon.
You were a creature of crystalline ice.
You visited 2 branches of the dungeon, and saw 8 of its levels.

You collected 400 gold pieces.

Inventory:

Hand Weapons
 a - the +8 spear "Bempyoss" (melded) {venom, Drain Int+3}
   (You found it on level 6 of the Dungeon)

   It poisons the flesh of those it strikes.
   Int:       It affects your intelligence (+3).
   Drain:     It drains your maximum health when unequipped.
Missiles
 u - a throwing net (quivered)
 x - 12 poisoned darts
Armour
 h - a +0 buckler
Jewellery
 f - a ring of ice
 j - an amulet of magic regeneration (around neck)
 q - an amulet of faith
Wands
 t - a wand of roots (13)
Scrolls
 b - 3 scrolls of fog
 c - a scroll of blinking {unknown}
 i - a scroll of silence
 k - a scroll of summoning {unknown}
 l - 3 scrolls of teleportation
 m - 2 scrolls of enchant weapon
 r - a scroll of noise {unknown}
 s - 2 scrolls of immolation
Potions
 d - a potion of flight
 e - a potion of cancellation
 g - 5 potions of attraction
 n - 2 potions of curing
 o - a potion of ambrosia
 p - 4 potions of lignification
 v - 3 potions of might {unknown}
 w - a potion of heal wounds {unknown}
 z - a potion of brilliance {unknown}
 A - a potion of berserk rage


   Skills:
 - Level 1.0 Fighting
 - Level 2.0 Dodging
 + Level 7.6 Unarmed Combat
 - Level 2.6 Spellcasting
 + Level 7.3 Transmutations
 + Level 4.8 Ice Magic
 - Level 6.1 Poison Magic


You had 3 spell levels left.
You knew the following spells:

 Your Spells              Type           Power      Damage    Failure   Level
a - Beastly Appendage     Tmut           56%        N/A       1%          1
b - Wereblood             Tmut           28%        N/A       1%          2
c - Spider Form           Tmut/Pois      26%        N/A       3%          3
d - Ice Form              Ice/Tmut       24%        N/A       14%         4

Your spell library contained the following spells:

 Spells                   Type           Power      Damage    Failure   Level
 Passwall                 Tmut/Erth      12%        N/A       6%          2
 Frozen Ramparts          Ice            38%        1d6       7%          3
 Foxfire                  Conj/Fire      8%         2x1d4     17%         1
 Sandblast                Erth           4%         2d4       17%         1
 Scorch                   Fire           4%         2d5       26%         2
 Sublimation of Blood     Necr           2%         N/A       26%         2
 Conjure Flame            Conj/Fire      2%         6-21      45%         3
 Stone Arrow              Conj/Erth      4%         3d7       45%         3
 Olgreb's Toxic Radiance  Pois           24%        N/A       14%         4
 Summon Ice Beast         Ice/Summ       10%        N/A       54%         4
 Airstrike                Air            1%         2d(1-17)  86%         4
 Ozocubu's Refrigeration  Ice            9%         4d9       100%        7
 Storm Form               Tmut/Air       7%         N/A       100%        7
 Summon Hydra             Summ           1%         N/A       100%        7
 Ignition                 Fire           1%         3d3       100%        8


Dungeon Overview and Level Annotations

Branches:
Dungeon (7/15)             Temple (1/1) D:4

Altars:
Cheibriados
Dithmenos
Elyvilon
Fedhas
Hepliaklqana
Kikubaaqudgha
Makhleb
Nemelex Xobeh
Okawaru
Ru
Sif Muna
Trog
Vehumet
Xom
Yredelemnul
The Shining One

Shops:
D:4 *


Innate Abilities, Weirdness & Mutations

You are a creature of crystalline ice.
You have a powerful freezing melee attack.
Your maximum health is increased.
Your armour is entirely melded.
You are incapable of wielding weapons or throwing items.
You cannot wear most types of armour.
You are amphibious.
You can wear up to eight rings at the same time.
((Your skin changes colour to match your surroundings (Stealth+).))
((Your rubbery body absorbs attacks. (AC +1, EV +1)))
((You are camouflaged when in or above water. (Stealth+)))
((You have tentacles for arms and can constrict up to eight enemies at once.))
You are agile. (Dex +4, Str/Int -1)
You are strong-willed. (Will+)
You expend magic power (3 MP) to strengthen your wands.


Message History

The orc wizard shouts!
Casting: Ice Form (dangerous; 14% risk of failure)
Confirm with . or Enter, or press ? or * to list all spells.
Your blood is infused with primal strength.
The orc warrior barely misses you.
You closely miss the orc warrior. You punch the orc warrior!
You freeze the orc warrior.
The orc warrior is moderately wounded.
The orc warrior closely misses you.
You punch the orc warrior! You freeze the orc warrior.
The orc warrior is almost dead.
The orc warrior hits you with a +0 mace.
The orc priest mumbles some strange prayers to Beogh against you.
Beogh smites you!
You hit the orc warrior but do no damage.
The orc warrior is almost dead.
An orc comes into view. It is wielding a +0 club.
The orc hits you with a +0 mace. The orc warrior closely misses you.
You hit the orc warrior but do no damage.
The orc warrior is almost dead.
An orc opens the door.
The orc warrior hits you with a +0 mace!
You barely miss the orc. The orc hits you with a +0 mace.
The orc warrior closely misses you.
The orc priest invokes the aid of Beogh against you.
Beogh smites you!
* * * LOW HITPOINT WARNING * * *
Okay, then.
You feel better. The orc closely misses you.
The orc hits you with a +0 falchion.
* * * LOW HITPOINT WARNING * * *
The orc warrior hits you with a +0 mace!
* * * LOW HITPOINT WARNING * * *
Unknown command.
Okay, then.
Okay, then.
Okay, then.
The orc warrior attacks as you move away!
The orc warrior hits you with a +0 mace.
You die...

#........#
#........#####
##.....$......
#...........#+# .
#./............ ...
#..............
....##..o...........
.....o##o#..<......#
....oooooY..........
##..$Y##.o..........
#).. ##....#######
#.. ##.#.# #. #.#.#
.. ..... . #######


You could see an orc warrior, an ice beast, an orc priest, 2 orc wizards and 5
orcs.

Vanquished Creatures
  Prince Ribbit (D:6)
  Sigmund (D:2)
  Edmund (D:6)
  A water moccasin (D:6)
  Duvessa (D:6)
  An ice beast (D:6)
  A black bear (D:5)
  2 ogres
  A centaur (D:5)
  A phantom (D:4)
  2 gnoll sergeants
  Blork the orc (D:4)
  A bullfrog (D:6)
  A necrophage (D:6)
  Dowan (D:6)
  5 wights (D:6)
  7 hounds
  2 jellies (D:5)
  Terence (D:2)
  2 iguanas
  12 gnolls
  6 adders
  A white imp (D:5)
  2 ufetubi
  A worm (D:4)
  5 dart slugs
  13 orcs
  3 bats
  6 endoplasms
  8 giant cockroaches
  4 goblins
  4 hobgoblins
  7 jackals
  8 kobolds
  4 quokkas
  5 ball pythons
  5 frilled lizards
  6 rats
134 creatures vanquished.

Notes
Turn   | Place    | Note
-------+----------+-------------------------------------------
     0 | D:1      | Mesmaeker13 the Octopode Transmuter began the quest for the
                  | Orb.
     0 | D:1      | Reached XP level 1. HP: 13/13 MP: 3/3
   427 | D:1      | Reached XP level 2. HP: 18/18 MP: 3/5
  1036 | D:1      | Reached XP level 3. HP: 13/23 MP: 4/6
  1385 | D:1      | Found a faded altar of an unknown god.
  1477 | D:2      | Learned a level 2 spell: Wereblood
  2139 | D:2      | Learned a level 3 spell: Spider Form
  2710 | D:3      | Reached XP level 4. HP: 28/28 MP: 7/7
  2873 | D:3      | You fall into a shaft and drop 2 floors!
  2873 | D:5      | Entered Level 5 of the Dungeon
  2989 | D:5      | Reached skill level 1 in Poison Magic
  3185 | D:4      | Noticed Blork the orc
  3198 | D:5      | Noticed a black bear
  3199 | D:5      | Found a shimmering altar of Xom.
  3222 | D:5      | Killed a black bear
  3223 | D:5      | Reached XP level 5. HP: 18/33 MP: 8/8
  3372 | D:5      | Found a shadowy altar of Dithmenos.
  3441 | D:5      | Noticed a shadow
  3777 | D:5      | Found a bloodstained altar of Trog.
  3777 | D:5      | Found a glowing golden altar of the Shining One.
  3816 | D:5      | Noticed an ogre
  3816 | D:5      | Noticed a centaur
  3833 | D:5      | Killed an ogre
  3834 | D:5      | Reached XP level 6. HP: 26/38 MP: 9/9
  3967 | D:5      | Gained mutation: You are strong-willed. (Will+) [potion of
                  | mutation]
  3967 | D:5      | Gained mutation: You expend magic power (3 MP) to
                  | strengthen your wands. [potion of mutation]
  3967 | D:5      | Gained mutation: You are agile. (Dex +4, Str/Int -1)
                  | [potion of mutation]
  4225 | D:6      | Noticed Duvessa
  4225 | D:6      | Noticed Dowan
  4250 | D:6      | Identified the +8 spear "Bempyoss" {venom, Drain Int+3}
  4258 | D:6      | Found a radiant altar of Vehumet.
  4432 | D:6      | Noticed Edmund
  4446 | D:6      | Killed Edmund
  4447 | D:6      | Reached skill level 5 in Unarmed Combat
  4447 | D:6      | Reached XP level 7. HP: 23/43 MP: 6/10
  4998 | D:6      | Reached skill level 5 in Transmutations
  5212 | D:5      | Reached skill level 5 in Poison Magic
  5333 | D:5      | Identified the +1 ring mail of Insatiable Hunger {rF+ Str+3
                  | Int+2}
  5404 | D:5      | Learned a level 4 spell: Ice Form
  5699 | D:4      | Killed Blork the orc
  5700 | D:4      | Reached XP level 8. HP: 37/48 MP: 3/11
  5708 | D:4      | Reached skill level 1 in Ice Magic
  6699 | D:2      | Noticed Terence
  6706 | D:2      | Killed Terence
  6896 | D:2      | Noticed Sigmund
  6909 | D:2      | Killed Sigmund
  7366 | D:4      | Found Jexitato's Assorted Antiques.
  7380 | D:4      | Found a staircase to the Ecumenical Temple.
  7389 | Temple   | Entered the Ecumenical Temple
  8492 | D:6      | Killed Duvessa
  8496 | D:6      | Killed Dowan
  8537 | D:6      | Reached XP level 9. HP: 53/53 MP: 12/12
  8667 | D:6      | Got Sif Muna's Commentary on Shocking Fire
  8840 | D:6      | Noticed Prince Ribbit
  8852 | D:6      | Killed Prince Ribbit
  9392 | D:7      | HP: 2/63 [orc warrior/+0 mace (12)]
  9393 | D:7      | Slain by an orc warrior

Illustrated notes

Levels and vault maps discovered:
D:1:      matt_arrival_spirals, layout_loops_ring,
          hellmonk_ecumenical_altar_inner_sanctum, minmay_nonomino_d4
D:2:      layout_basic, uniq_terence, uniq_sigmund
D:3:      layout_loops_cross
D:4:      layout_cave_pods, minmay_temple_entry_large_hall, serial_shops,
          nicolae_shop_trees, grunt_ministairs_15, grunt_decor_junction,
          uniq_blork_the_orc
D:5:      kennysheep_big_flooded_room, layout_basic, jmf_multi_god_temple,
          gammafunk_temple_overflow_wave, minmay_starry_boxes
D:6:      layout_gridville, vehumet_altar_wand_db, uniq_duvessa, uniq_edmund,
          uniq_prince_ribbit1
D:7:      layout_basic, uniq_crazy_yiuf_cottage
Temple:   hellmonk_temple_of_storms

Skill      XL: |  1  2  3  4  5  6  7  8  9 |
---------------+----------------------------+-----
Transmutations | 3 4 5 6 7 |  7.3
Poison Magic   | 2 3 4 5 6 |  6.1
Unarmed Combat | 4 5 6 7 |  7.6
Ice Magic      | 3 4 |  4.8
Fighting       | |  1.0
Dodging        | |  2.0
Spellcasting   | |  2.6

Action                   |  1- 3 |  4- 6 |  7- 9 || total
-------------------------+-------+-------+-------++-------
Melee: Unarmed           |    76 |    72 |   135 ||   283
       Kick              |    16 |     8 |     1 ||    25
       Tentacles         |    17 |     2 |    15 ||    34
       Constrict         |    21 |     4 |    20 ||    45
       Punch             |     2 |       |     3 ||     5
       Spear             |       |       |    84 ||    84
Throw: Throwing net      |       |       |     1 ||     1
 Cast: Beastly Appendage |    27 |     5 |     2 ||    34
       Spider Form       |       |     9 |    12 ||    21
       Ice Form          |       |       |    10 ||    10
       Wereblood         |       |       |     3 ||     3
Evoke: Wand              |       |     2 |    15 ||    17
  Use: Scroll            |     6 |     1 |     6 ||    13
       Potion            |       |     2 |     1 ||     3
 Stab: Sleeping          |     4 |       |     4 ||     8
       Distracted        |       |       |     1 ||     1
Armor: Skin              |     8 |     6 |    18 ||    32
Dodge: Dodged            |    52 |    78 |   138 ||   268

Table legend: (Time is in decaauts)
 A = Elapsed time spent in this place.
 B = Non-inter-level travel time spent in this place.
 C = Inter-level travel time spent in this place.
 D = Time resting spent in this place.
 E = Time spent auto-exploring this place.
 F = Levels seen in this place.
 G = Mean time per level.
                   A        B        C        D        E       F      G
               +--------+--------+--------+--------+--------+-----+--------+
         Total |   9383 |   8929 |    454 |   2988 |   4119 |   8 | 1172.9 |
       Dungeon |   9343 |   8895 |    448 |   2988 |   4095 |   7 | 1334.7 |
        Temple |     40 |     34 |      6 |      0 |     24 |   1 |   40.0 |
               +--------+--------+--------+--------+--------+-----+--------+

Top non-repeatable levels by time:
     D:6: 2080 daAuts
     D:5: 1894 daAuts
     D:1: 1828 daAuts
     D:4: 1364 daAuts
     D:2: 1216 daAuts
     D:3: 938 daAuts
  Temple: 40 daAuts
     D:7: 21 daAuts
